 Dungeon Crawl Stone Soup version 0.18.1-48-g4cf74bf (webtiles) character file.

175 Gargoyl the Skirmisher (level 5, 0/41 HPs)
             Began as a Demonspawn Abyssal Knight on Sept 4, 2016.
             Was a Follower of Lugonu.
             Slain by an orc priest
             ... wielding a +0 trident
              (3 damage)
             ... on level 3 of the Dungeon.
             The game lasted 00:04:42 (2170 turns).

Gargoyl the Skirmisher (Demonspawn Abyssal Knight)  Turns: 2170, Time: 00:04:43

Health: 0/41       AC:  7    Str: 11 (13) XL:     5   Next: 29%
Magic:  7/7        EV:  8    Int: 13 (14) God:    Lugonu [*.....]
Gold:   100        SH: 10    Dex: 10 (12) Spells: 0 memorised, 4 levels left

rFire  . . .     SeeInvis .     a - +1 hand axe
rCold  + . .     Gourm    .     m - +0 ring mail
rNeg   . . .     Faith    .     n - +3 shield
rPois  .         Spirit   .     e - +2 hat
rElec  .         Dismiss  .     (no cloak)
rCorr  .         Reflect  .     (no gloves)
SustAt .         Harm     .     (no boots)
MR     .....                    (no amulet)
Stlth  ++........               (no ring)
                                o - ring of protection from cold

@: not resistant to hostile enchantments, unstealthy
A: nightstalker 1, powered by pain 2
a: Depart the Abyss, Renounce Religion


You were on level 3 of the Dungeon.
You worshipped Lugonu.
Lugonu was aware of your devotion.
You were hungry.

You visited 1 branch of the dungeon, and saw 3 of its levels.
You visited the Abyss 1 time.

You collected 100 gold pieces.

Inventory:

Hand Weapons
 a - a +1 hand axe (weapon)
 p - a +0 spear
Armour
 e - a +2 hat (worn)
 m - a +0 ring mail (worn)
 n - a +3 shield (worn)
Jewellery
 o - a ring of protection from cold (left hand)
Scrolls
 h - a scroll of identify
 i - a scroll of enchant armour
Potions
 f - a potion of curing
Books
 s - a book of Unlife

   Spells                             Type                      Level
   a - Recall                         Summoning/Translocation      3
   b - Animate Dead                   Necromancy                   4
   c - Control Undead                 Necromancy                   4
   d - Cigotuvi's Embrace             Necromancy                   5
   e - Death Channel                  Necromancy                   6
   f - Simulacrum                     Ice/Necromancy               6
Comestibles
 c - a bread ration
 g - 3 beef jerkies
 l - a royal jelly


   Skills:
 + Level 3.5 Fighting
 + Level 2.3 Axes
 * Level 3.2 Armour
 + Level 2.2 Dodging
 + Level 0.4 Stealth
 + Level 1.3 Shields
 + Level 2.7 Invocations


You had 4 spell levels left.
You didn't know any spells.

Dungeon Overview and Level Annotations

Branches:
Dungeon (3/15)

Altars:


Innate Abilities, Weirdness & Mutations

You are slightly more attuned to the shadows.
You sometimes gain power by taking damage.


Message History

The orc priest hits you from afar with a trident.
* * * LOW HITPOINT WARNING * * *
The kobold throws a stone.
The stone closely misses you. You block the orc priest's attack.
Things that are here:
a war axe; a club; a hobgoblin corpse You hit the orc priest.
The orc priest is severely wounded.
You hit the kobold.
You kill the kobold!
Lugonu accepts your kill. The orc priest barely misses you.
Unknown command.
You hit the orc priest.
The orc priest is almost dead.
The orc priest barely misses you.
You hit the orc priest but do no damage.
The orc priest is almost dead.
The orc priest hits you with a trident.
You die...

#......# #
#......#.#
#......#.#
#........#.
#...†(.....
#.....###.#
#.....# #
#####[###
#...@o#
#.#(#.#
#.#...# #
#...# #...#
##..# ...


You could see an orc priest.

Vanquished Creatures
  The ghost of sinon the Chopper, an amateur TeBe of Trog (D:3)
  An adder (D:2)
  A dart slug (D:1)
  A giant gecko (D:1)
  4 orcs (D:3)
  2 bats
  2 giant cockroaches (D:3)
  2 goblins (D:2)
  4 hobgoblins
  10 jackals
  A quokka (D:3)
  4 giant newts
  4 kobolds
  7 rats
44 creatures vanquished.

Notes
Turn   | Place    | Note
--------------------------------------------------------------
     0 | Abyss:1  | Gargoyl the Demonspawn Abyssal Knight began the quest for the Orb.
     0 | Abyss:1  | Reached XP level 1. HP: 18/18 MP: 2/2
     9 | Abyss:2  | Found an opulent altar of Gozag.
    66 | Abyss:2  | Noticed a sixfirhy
    67 | D:1      | Escaped the Abyss
   311 | D:1      | Gained mutation: You are slightly more attuned to the shadows. [demonic ancestry]
   311 | D:1      | Reached XP level 2. HP: 24/24 MP: 3/3
   320 | D:1      | Reached * piety under Lugonu
  1122 | D:2      | Reached skill level 1 in Dodging
  1419 | D:2      | Reached XP level 3. HP: 26/29 MP: 5/5
  1836 | D:3      | Noticed sinon's ghost (amateur TeBe)
  1881 | D:3      | Killed sinon's ghost
  1881 | D:3      | Reached skill level 1 in Shields
  1881 | D:3      | Gained mutation: You sometimes gain a little power by taking damage. [demonic ancestry]
  1881 | D:3      | Reached XP level 4. HP: 28/35 MP: 6/6
  1881 | D:3      | Gained mutation: You sometimes gain power by taking damage. [demonic ancestry]
  1881 | D:3      | Reached XP level 5. HP: 33/41 MP: 7/7
  2166 | D:3      | HP: 2/41 [orc priest/trident (2)]
  2170 | D:3      | Slain by an orc priest

Skill      XL: |  1  2  3 |
---------------+----------+-----
Armour         | 2 3 |  3.2
Axes           | 2 |  2.3
Dodging        | 1 2 |  2.2
Shields        | 1 |  1.3
Fighting       | |  3.5
Stealth        | |  0.4
Invocations    | |  2.7

Action                   |  1- 3 |  4- 6 || total
-------------------------+-------+-------++-------
Melee: Hand axe          |   146 |    46 ||   192
Throw: Javelin           |       |     8 ||     8
Invok: Depart the Abyss  |     1 |       ||     1
  Use: Potion            |     4 |     2 ||     6
       Scroll            |       |     6 ||     6
 Stab: Sleeping          |     2 |       ||     2
  Eat: Chunk             |     3 |     1 ||     4
Armor: Leather armour    |    20 |       ||    20
       Ring mail         |    29 |     5 ||    34
       Skin              |    18 |    61 ||    79
Dodge: Dodged            |    72 |    20 ||    92
Block: Shield            |    37 |    49 ||    86
